 Dungeon Crawl Stone Soup version 0.30-a0-374-g95c0257040 (webtiles) character file.

Game seed: 17269373414854122419

1636 NinjaNoafa the Summoner (level 8, -7/31 HPs)
             Began as a Felid Summoner on Nov 25, 2022.
             Mangled by a killer bee (8 damage)
             ... on level 7 of the Dungeon.
             The game lasted 00:28:25 (7684 turns).

NinjaNoafa the Summoner (Felid Summoner)            Turns: 7684, Time: 00:28:26

Health: -7/31      AC:  2    Str:  4    XL:     8   Next: 66%
Magic:  3/21       EV: 17    Int: 19    God:
Gold:   384        SH:  5    Dex: 16    Spells: 14/23 levels left
                                        Lives:  0   Deaths: 2

rFire   + . .      SeeInvis +    (weapon unavailable)
rCold   . . .      Faith    .    (shield unavailable)
rNeg    . . .      Spirit   .    (body armour unavailable)
rPois   .          Reflect  +    (helmet unavailable)
rElec   .          Harm     .    (cloak unavailable)
rCorr   +          Rampage  .    (gloves unavailable)
Will    +....                    (boots unavailable)
Stlth   ++........               m - amulet of reflection
HPRegen 0.25/turn                b - ring of resist corrosion
MPRegen 0.17/turn                q - ring of protection from fire

@: lethally poisoned (-7 -> -11), hasted, very quick
A: very small, claws 1, fangs 3, see invisible, speed 1, shaggy fur 2, stealthy
paws, no weapons or thrown items, no armour, multi-lived
a: no special abilities


You were on level 7 of the Dungeon.
You visited 1 branch of the dungeon, and saw 7 of its levels.

You collected 384 gold pieces.

Inventory:

Jewellery
 b - a ring of resist corrosion (left paw)
 m - an amulet of reflection (around neck)
 q - a ring of protection from fire (right paw)
Wands
 B - a wand of iceblast (11)
Scrolls
 a - a scroll of acquirement {unknown}
 c - a scroll of blinking
 e - 3 scrolls of summoning {unknown}
 j - a scroll of immolation {unknown}
 k - a scroll of teleportation {unknown}
 l - a scroll of magic mapping {unknown}
 p - 3 scrolls of noise {unknown}
 v - a scroll of poison {unknown}
 w - a scroll of enchant armour {unknown}
 y - a scroll of torment {unknown}
Potions
 d - a potion of curing
 g - a potion of lignification
 h - a potion of flight {unknown}
 i - a potion of might {unknown}
 n - a potion of berserk rage
 r - a potion of ambrosia {unknown}
 s - a potion of cancellation {unknown}
 t - a potion of heal wounds
 x - a potion of degeneration {unknown}
 z - a potion of invisibility {unknown}
 A - 2 potions of resistance {unknown}


   Skills:
 - Level 2.6 Dodging
 - Level 2.6 Stealth
 + Level 8.1 Spellcasting
 + Level 9.5 Summonings


You had 14 spell levels left.
You knew the following spells:

 Your Spells              Type           Power      Damage    Failure   Level
a - Summon Small Mammal   Summ           100%       N/A       1%          1
b - Call Imp              Summ           43%        N/A       1%          2
c - Call Canine Familiar  Summ           43%        N/A       1%          3
d - Summon Guardian Gole  Hex/Summ       25%        N/A       3%          3

Your spell library contained the following spells:

 Spells                   Type           Power      Damage    Failure   Level
 Summon Lightning Spire   Summ/Air       25%        N/A       13%         4
 Cigotuvi's Dreadful Rot  Necr/Pois/Air  14%        N/A       14%         2
 Poisonous Vapours        Pois/Air       14%        N/A       14%         2
 Mephitic Cloud           Conj/Pois/Air  7%         N/A       26%         3


Dungeon Overview and Level Annotations

Branches:
Dungeon (7/15)
 Temple: D:4-7

Altars:
Hepliaklqana
Qazlal
Trog
The Shining One

Shops:
D:1 !

Annotations:
D:6 Eustachio


Innate Abilities, Weirdness & Mutations

You have sharp claws.
You have razor-sharp teeth.
You have supernaturally acute eyesight. (SInv)
You cover ground quickly. (Speed+)
You are covered in thick fur. (AC +2)
Your paws help you pounce on unaware monsters.
You are incapable of wielding weapons or throwing items.
You cannot wear armour.
You gain extra lives every three experience levels.


Message History

Confirm with . or Enter, or press ? or * to list all spells.
A beastly little devil appears in a puff of frigid air.
* * * LOW HITPOINT WARNING * * *
You feel sick.
Your bat barely misses the killer bee.
The killer bee closely misses your hound.
The killer bee stings you but does no damage.
The killer bee misses your hound. The orc closely misses your hound.
The orc hits your guardian golem but does no damage.
Your hound misses the killer bee. Your bat misses the killer bee.
* * * LOW HITPOINT WARNING * * *
You feel sick. The killer bee barely misses you.
The killer bee stings your hound!
Your hound dies!
Your hound's corpse disappears in a puff of smoke!
Flame seeps out of your guardian golem.
Your guardian golem is engulfed in blazing flames.
Your guardian golem disappears in a puff of smoke!
Your guardian golem explodes!
The fiery explosion engulfs the killer bee!!!
The killer bee dies!
The fiery explosion engulfs the orc!!
The orc dies!
The fiery explosion engulfs the orc!!
The orc dies!
The fiery explosion engulfs your white imp!!
Your white imp is burned terribly!
Your white imp dies!
Your white imp disappears in a puff of smoke!
Your bat misses the killer bee. You block the killer bee's attack.
The killer bee closely misses you. The killer bee misses your bat.
You hear a shout! x5
* * * LOW HITPOINT WARNING * * *
You feel sick.
Your bat completely misses the killer bee.
The killer bee misses you. x2
The bullfrog is engulfed in blazing flames.
Unknown command.
* * * LOW HITPOINT WARNING * * *
You feel sick. The killer bee stings you!
You die...

#....# #....#######
#..........#
########..........#
.......#..........#
######.#.......§§§#
#.#§......§°.#
#.#.###.##F§§#
#.#y#...# ########


You could see a bullfrog, 3 killer bees and a friendly bat (summoned).

Vanquished Creatures
  An ufetubus (D:6)
  A ball python (D:4)
  A goblin (D:1)
  2 bats (D:1)
  A rat (D:1)
  2 butterflies (D:1)
8 creatures vanquished.

Vanquished Creatures (collateral kills)
  A wyvern (D:6)
  A water moccasin (D:5)
  2 ice beasts (D:6)
  A sky beast (D:7)
  3 black bears (D:6)
  2 ogres (D:6)
  2 centaurs
  2 kobold brigands (D:6)
  A bullfrog (D:6)
  A gnoll sergeant (D:6)
  A scorpion (D:4)
  2 jellies
  3 orc priests (D:6)
  A gnoll bouda (D:5)
  4 hounds
  3 iguanas
  5 gnolls
  9 adders
  2 shadow imps (D:6)
  2 white imps
  2 worms
  A dart slug (D:4)
  14 orcs
  4 endoplasms
  3 giant cockroaches
  6 goblins
  8 hobgoblins
  A jackal (D:2)
  6 quokkas
  13 ball pythons
  2 bats
  4 frilled lizards
  8 kobolds
  2 rats
  2 butterflies (D:1)
124 creatures vanquished.

Vanquished Creatures (others)
  A scorpion (D:6)
  A killer bee (D:7)
  2 orcs (D:7)
  48 plants (D:4)
  A withered plant (D:1)
53 creatures vanquished.

Grand Total: 185 creatures vanquished

Notes
Turn   | Place    | Note
-------+----------+-------------------------------------------
     0 | D:1      | NinjaNoafa the Felid Summoner began the quest for the Orb.
     0 | D:1      | Reached XP level 1. HP: 7/7 MP: 4/4
   265 | D:1      | Reached XP level 2. HP: 9/11 MP: 1/6
   337 | D:1      | Learned a level 2 spell: Call Imp
   575 | D:1      | Reached XP level 3. HP: 14/14 MP: 5/8
   598 | D:1      | Found Duachof's Distillery.
  1139 | D:2      | Found a faded altar of an unknown god.
  2121 | D:3      | Reached XP level 4. HP: 18/18 MP: 5/9
  2257 | D:3      | Reached skill level 5 in Summonings
  2825 | D:3      | Found a glowing golden altar of the Shining One.
  3000 | D:4      | Found a stormy altar of Qazlal.
  3016 | D:4      | Noticed a scorpion
  3366 | D:4      | Found a hazy altar of Hepliaklqana.
  3530 | D:4      | Reached XP level 5. HP: 16/21 MP: 7/11
  4014 | D:4      | Found a bloodstained altar of Trog.
  4368 | D:5      | Entered Level 5 of the Dungeon
  4547 | D:5      | Noticed a water moccasin
  4566 | D:5      | Killed a water moccasin
  4567 | D:5      | Reached skill level 6 in Summonings
  4567 | D:5      | Gained mutation: You are covered in thick fur. (AC +2)
                  | [Felid growth]
  4567 | D:5      | Reached XP level 6. HP: 21/24 MP: 6/13
  4926 | D:5      | Reached skill level 5 in Spellcasting
  5089 | D:6      | Reached XP level 7. HP: 27/27 MP: 5/15
  5357 | D:6      | Reached skill level 7 in Summonings
  5394 | D:6      | Shot with an arrow by a centaur
  5395 | D:6      | Reached XP level 6. HP: -1/24 MP: 0/15
  5532 | D:6      | Killed from afar by an orc priest
  5533 | D:6      | Reached XP level 5. HP: -1/21 MP: 1/14
  5664 | D:5      | Learned a level 3 spell: Call Canine Familiar
  5895 | D:6      | Noticed Eustachio
  5906 | D:7      | Noticed a sky beast
  6114 | D:6      | Reached XP level 6. HP: 24/24 MP: 9/15
  6213 | D:6      | Noticed an ice beast
  6244 | D:6      | Killed an ice beast
  6245 | D:6      | Reached XP level 7. HP: 21/27 MP: 7/17
  6253 | D:6      | Reached skill level 8 in Summonings
  6335 | D:6      | Identified the +4 hand axe of Ticamog {vorpal, rCorr Str-5
                  | Int+3}
  6413 | D:6      | Noticed a wyvern
  6436 | D:6      | Killed a wyvern
  6778 | D:6      | Reached XP level 8. HP: 25/31 MP: 4/19
  6956 | D:6      | Reached skill level 9 in Summonings
  7009 | D:6      | Learned a level 3 spell: Summon Guardian Golem
  7684 | D:7      | HP: 1/31 [poisoned by a killer bee]
  7684 | D:7      | Mangled by a killer bee

Illustrated notes

Levels and vault maps discovered:
D:1:      spicycebolla_arrival_clurvy, layout_basic, serial_shops,
          nicolae_shop_waterfront
D:2:      layout_basic, ebering_ecumenical_altar_hall, minmay_diced_spiral
D:3:      minmay_wonky_spiral, layout_loops_ring, nicolae_tso_swordbearing_angel
D:4:      wad_woods_stonehenge, layout_loops_cross, grunt_qazlal_clouds,
          mainiacjoe_overflow_cross_hatched
D:5:      layout_rooms, chequers_serial_rivers_micro_d
D:6:      minmay_bubble_buster, layout_loops_ring, uniq_eustachio
D:7:      layout_basic, lemuel_temple_firewalk_a, lightli_orcish_oven

Skill      XL: |  1  2  3  4  5  6  7  8 |
---------------+-------------------------+-----
Spellcasting   | 3 4 6 7 8 |  8.1
Summonings     | 5 6 8 9 |  9.5
Dodging        | |  2.6
Stealth        | |  2.6

Action                   |  1- 3 |  4- 6 |  7- 9 || total
-------------------------+-------+-------+-------++-------
Melee: Unarmed           |    16 |    18 |     3 ||    37
       Bite              |     1 |       |     2 ||     3
 Cast: Summon Small Mamm |    75 |   116 |    62 ||   253
       Call Imp          |    12 |    56 |    33 ||   101
       Call Canine Famil |       |    12 |    18 ||    30
       Summon Guardian G |       |       |     6 ||     6
  Use: Scroll            |       |     6 |     1 ||     7
       Potion            |       |     3 |     3 ||     6
 Stab: Sleeping          |     3 |     1 |       ||     4
Armor: Skin              |     1 |    12 |     2 ||    15
Dodge: Dodged            |    36 |    77 |    51 ||   164
Block: Other             |     1 |    22 |    17 ||    40
       Reflection        |       |     1 |     6 ||     7

Table legend: (Time is in decaauts)
 A = Elapsed time spent in this place.
 B = Non-inter-level travel time spent in this place.
 C = Inter-level travel time spent in this place.
 D = Time resting spent in this place.
 E = Time spent auto-exploring this place.
 F = Levels seen in this place.
 G = Mean time per level.
                   A        B        C        D        E       F      G
               +--------+--------+--------+--------+--------+-----+--------+
         Total |   6884 |   6604 |    280 |      0 |   4485 |   7 |  983.4 |
       Dungeon |   6884 |   6604 |    280 |      0 |   4485 |   7 |  983.4 |
               +--------+--------+--------+--------+--------+-----+--------+

Top non-repeatable levels by time:
     D:6: 2077 daAuts
     D:4: 1168 daAuts
     D:3: 1151 daAuts
     D:1: 871 daAuts
     D:5: 710 daAuts
     D:2: 673 daAuts
     D:7: 232 daAuts
